 Dungeon Crawl Stone Soup version 0.27-a0-887-gcab673c142 (webtiles) character file.

Game seed: 10792553088686169981

58304 spiderkeys the Spear-Bearer (level 15, -6/107 HPs)
             Began as a Human Necromancer on Apr 4, 2021.
             Was a High Priest of Kikubaaqudgha.
             Killed from afar by Frances (38 damage)
             ... with an iron shot
             ... on level 12 of the Dungeon.
             The game lasted 01:13:14 (33438 turns).

spiderkeys the Spear-Bearer (Human Necromancer)    Turns: 33438, Time: 01:13:15

Health: -6/107     AC: 21    Str: 20      XL:     15   Next: 29%
Magic:  7/27       EV: 16    Int: 16 (17) God:    Kikubaaqudgha [*****.]
Gold:   663        SH:  5    Dex: 18      Spells: 6/30 levels left

rFire    + . .     SeeInvis +   o - +1 glaive
rCold    . . .     Faith    .   (shield currently unavailable)
rNeg     + . .     Spirit   .   L - +3 troll leather armour
rPois    +         Reflect  +   h - +2 hat {SInv}
rElec    .         Harm     .   U - +2 cloak
rCorr    .         Rampage  .   E - +0 pair of gloves
Will     +....                  G - +0 pair of boots
Stlth    +++.......             P - amulet "Yhucist" {Reflect Drain rPois Str+3 SH+5}
HPRegen  1.27/turn              t - ring "Veonampy" {rF+ rN+ Str+4 Dex+4 Stlth+}
MPRegen  0.20/turn              m - +4 ring of protection

@: no status effects
A: no striking features
a: Renounce Religion, Receive Corpses, Torment


You were on level 12 of the Dungeon.
You worshipped Kikubaaqudgha.
Kikubaaqudgha was extremely pleased with you.
You visited 3 branches of the dungeon, and saw 19 of its levels.

You collected 1207 gold pieces.
You spent 544 gold pieces at shops.

Inventory:

Hand Weapons
 o - a +1 glaive (weapon)
 M - the +11 dagger "Becufaly" {holy, Will++}
   (You found it on level 11 of the Dungeon)

   It has been blessed by the Shining One to cause great damage to the undead
   and demons.
   It greatly increases your willpower.
 N - a +1 broad axe of flaming
Missiles
 D - 3 throwing nets
 R - 9 curare-tipped darts
Armour
 h - a +2 hat of see invisible (worn)
 E - a +0 pair of gloves (worn)
 G - a +0 pair of boots (worn)
 L - a +3 troll leather armour (worn)
 U - a +2 cloak (worn)
Magical Staves
 H - a staff of death
Jewellery
 j - a ring of protection from fire
 m - a +4 ring of protection (right hand)
 t - the ring "Veonampy" (left hand) {rF+ rN+ Str+4 Dex+4 Stlth+}
   (You found it on level 6 of the Dungeon)

   [ring of positive energy]

   It affects your strength (+4).
   It affects your dexterity (+4).
   It protects you from fire.
   It protects you from negative energy.
   It makes you more stealthy.
 y - an amulet of magic regeneration
 P - the amulet "Yhucist" (around neck) {Reflect Drain rPois Str+3 SH+5}
   (You bought it in a shop on level 5 of the Dungeon)

   [amulet of reflection]

   It reflects blocked missile attacks.
   It affects your strength (+3).
   It protects you from poison.
   It drains your maximum health when unequipped.
   It affects your SH (+5).
Wands
 e - a wand of iceblast (20)
 l - a wand of random effects (6)
 s - a wand of flame (19)
 w - a wand of charming (6)
 A - a wand of polymorph (1)
 B - a wand of acid (1)
 F - a wand of paralysis (15)
Scrolls
 f - 2 scrolls of identify
 k - 6 scrolls of enchant weapon
 x - 8 scrolls of teleportation
 C - a scroll of fog
 J - a scroll of blinking
 K - 3 scrolls of amnesia
 V - 2 scrolls of magic mapping
 X - a scroll of holy word
Potions
 a - 6 potions of haste
 b - 3 potions of curing
 c - 7 potions of lignification
 d - 8 potions of brilliance
 g - 3 potions of attraction
 i - a potion of cancellation
 q - a potion of berserk rage {unknown}
 r - 2 potions of ambrosia
 u - 5 potions of flight
 v - a potion of mutation {unknown}
 Q - 2 potions of invisibility
 T - a potion of magic {unknown}
 W - 2 potions of resistance
Miscellaneous
 O - a box of beasts


   Skills:
 - Level 6.7 Fighting
 * Level 14.2 Polearms
 + Level 10.6 Armour
 - Level 7.0 Dodging
 - Level 2.0 Stealth
 + Level 8.4 Spellcasting
 * Level 13.6 Necromancy


You had 6 spell levels left.
You knew the following spells:

 Your Spells              Type           Power      Damage    Failure   Level
a - Pain                  Necr           100%       1d9       1%          1
b - Animate Dead          Necr           25%        N/A       1%          4
c - Vampiric Draining     Necr           25%        2d9       1%          3
d - Sublimation of Blood  Necr           25%        N/A       1%          2
e - Agony                 Necr           50%        N/A       1%          5
f - Dispel Undead         Necr           50%        3d19      1%          4
g - Excruciating Wounds   Necr           25%        N/A       1%          5

Your spell library contained the following spells:

 Spells                   Type           Power      Damage    Failure   Level
 Animate Skeleton         Necr           100%       N/A       1%          1
 Apportation              Tloc           12%        N/A       12%         1
 Beastly Appendage        Tmut           12%        N/A       12%         1
 Corona                   Hex            6%         N/A       12%         1
 Freeze                   Ice            24%        1d5       12%         1
 Summon Small Mammal      Summ           24%        N/A       12%         1
 Blink                    Tloc           N/A        N/A       19%         2
 Call Imp                 Summ           6%         N/A       19%         2
 Ensorcelled Hibernation  Hex/Ice        12%        N/A       19%         2
 Wereblood                Tmut           6%         N/A       19%         2
 Borgnjor's Vile Clutch   Necr/Erth      14%        N/A       21%         5
 Call Canine Familiar     Summ           6%         N/A       34%         3
 Confusing Touch          Hex            6%         N/A       34%         3
 Dazzling Flash           Conj/Hex       12%        N/A       34%         3
 Frozen Ramparts          Ice            12%        1d3       34%         3
 Gell's Gravitas          Tloc           3%         N/A       34%         3
 Lesser Beckoning         Tloc           3%         N/A       34%         3
 Ozocubu's Armour         Ice            6%         N/A       34%         3
 Spider Form              Tmut/Pois      3%         N/A       34%         3
 Summon Guardian Golem    Hex/Summ       6%         N/A       34%         3
 Teleport Other           Tloc           6%         N/A       34%         3
 Tukima's Dance           Hex            6%         N/A       34%         3
 Simulacrum               Ice/Necr       14%        N/A       73%         6
 Cause Fear               Hex            3%         N/A       75%         4
 Hailstorm                Conj/Ice       6%         3d4       75%         4
 Ice Form                 Ice/Tmut       6%         N/A       75%         4
 Summon Ice Beast         Ice/Summ       6%         N/A       75%         4
 Summon Lightning Spire   Summ/Air       6%         N/A       75%         4
 Hydra Form               Tmut           3%         N/A       97%         5
 Irradiate                Conj/Tmut      3%         3d14      97%         5
 Manifold Assault         Tloc           6%         N/A       97%         5
 Silence                  Hex/Air        3%         N/A       97%         5
 Yara's Violent Unravell  Hex/Tmut       3%         3d4       97%         5
 Blade Hands              Tmut           3%         N/A       100%        6
 Statue Form              Tmut/Erth      4%         N/A       100%        6
 Dragon Form              Tmut           3%         N/A       100%        7
 Discord                  Hex            3%         N/A       100%        8


Dungeon Overview and Level Annotations

Branches:
Dungeon (12/15)            Temple (1/1) D:5            Lair (6/6) D:9
 Shoals (0/4) Lair:4        Snake (0/4) Lair:4        Slime (0/5) Lair:5
    Orc: D:9-12

Altars:
Ashenzari
Cheibriados
Dithmenos
Elyvilon
Fedhas
Gozag
Hepliaklqana
Kikubaaqudgha
Makhleb
Nemelex Xobeh
Okawaru
Qazlal
Ru
Sif Muna
Trog
Vehumet
Wu Jian
Xom
Yredelemnul
Zin

Shops:
D:5 =   D:10 :

Annotations:
D:7 2 runed translucent doors
D:8 2 transporters, lunkers's ghost, novice DgTm
D:11 exclusion: obsidian statue
D:12 Frances
Lair:1 exclusion: oklob plant
Lair:3 exclusion: 3 oklob plants


Message History

Casting: Excruciating Wounds (dangerous; 6% risk of failure)
Confirm with . or Enter, or press ? or * to list all spells.
Aiming: Vampiric Draining (safe; 1% risk of failure)
Press: ? - help, Shift-Dir - straight line, f/p - Frances
Aim: Frances, wielding a +0 hand axe and wearing a +0 scale mail (heavily wounded, fast)
You draw life force from Frances!
You feel life coursing into your body! Frances hits you with a +0 hand axe!!
* * * LOW HITPOINT WARNING * * *
Casting: Vampiric Draining (safe; 1% risk of failure)
Confirm with . or Enter, or press ? or * to list all spells.
Aiming: Vampiric Draining (safe; 1% risk of failure)
Press: ? - help, Shift-Dir - straight line, f/p - Frances
Aim: Frances, wielding a +0 hand axe and wearing a +0 scale mail (heavily wounded, fast)
You draw life force from Frances!
You feel life coursing into your body. Frances hits you with a +0 hand axe.
* * * LOW HITPOINT WARNING * * *
Frances closely misses you.
Casting: Vampiric Draining (safe; 1% risk of failure)
Confirm with . or Enter, or press ? or * to list all spells.
Aiming: Vampiric Draining (safe; 1% risk of failure)
Press: ? - help, Shift-Dir - straight line, f/p - Frances
Aim: Frances, wielding a +0 hand axe and wearing a +0 scale mail (heavily wounded, fast)
You draw life force from Frances!
You feel life coursing into your body.
Your +1 glaive seems less pained.
Frances barely misses you.
Casting: Vampiric Draining (safe; 1% risk of failure)
Confirm with . or Enter, or press ? or * to list all spells.
Aiming: Vampiric Draining (safe; 1% risk of failure)
Press: ? - help, Shift-Dir - straight line, f/p - Frances
Aim: Frances, wielding a +0 hand axe and wearing a +0 scale mail (severely wounded, fast)
You draw life force from Frances!
You feel life coursing into your body! Frances hits you with a +0 hand axe!
Frances screams a word of power!
You feel much better. Frances hits you with a +0 hand axe!!
The red devil hits you from afar with a +0 trident.
* * * LOW HITPOINT WARNING * * *
Frances whispers indecipherable words.
The iron shot hits you!!!
You die...
Kikubaaqudgha rasps: "You have failed me!
Welcome... death!"

..........
#.........
.......... ##
#.........
..##.........
..?........
#.@.......
##.######.34...#
..<....<@......#
#####.....?.?..#
###.#......#
#.######## #..
##. #. #


You could see Frances (fast), a soul eater (summoned) and a red devil
(summoned).

Vanquished Creatures
  A boulder beetle (D:11)
  Erolcha (D:9)
  The ghost of bellsore the Destroyer, a journeyman GrCj of Vehumet (Lair:3)
  2 hydras
  4 catoblepae
  2 two-headed ogres
  A satyr (D:9)
  19 death yaks
  Urug (Lair:3)
  An orange crystal statue (D:11)
  2 manticores (Lair:6)
  An ugly thing (D:10)
  A cyclops (D:11)
  Maurice (D:8)
  13 elephants
  6 black mambas
  11 cane toads
  2 rime drakes
  Psyche (D:9)
  5 komodo dragons
  An efreet (D:11)
  2 meliai (Lair:3)
  A queen bee (Lair:3)
  A polar bear (Lair:6)
  Prince Ribbit (D:8)
  3 trolls
  3 merfolk (Lair:4)
  A meliai zombie (D:11)
  10 blink frogs
  A slime creature (D:11)
  5 dream sheep (Lair:6)
  2 vampires
  5 wyverns
  44 yaks
  Eustachio (D:4)
  2 steam dragons (D:7)
  A basilisk (Lair:5)
  5 vampire mosquitoes
  5 nagas
  9 water moccasins
  A black bear (D:7)
  3 orc warriors
  An ice beast (D:7)
  A necrophage (D:5)
  21 wolves
  6 centaurs
  2 phantoms
  14 bullfrogs
  2 gnoll sergeants
  4 scorpions
  A wyvern skeleton (D:7)
  A water moccasin skeleton (D:6)
  14 killer bees
  2 electric eels (D:9)
  A howler monkey (D:11)
  4 centaur zombies
  8 hounds
  6 jellies
  2 gnoll shamans
  A centaur skeleton (D:6)
  2 orc priests
  2 iguanas
  6 orc wizards
  A hound skeleton (D:5)
  2 howler monkey zombies
  A howler monkey skeleton (D:5)
  21 gnolls
  12 adders
  An adder skeleton (D:4)
  2 worms (D:3)
  3 dart slugs
  25 orcs
  2 bats
  5 endoplasms
  3 giant cockroaches
  8 goblins
  4 hobgoblins
  15 jackals
  7 kobolds
  6 quokkas
  9 ball pythons
  4 frilled lizards
  A jackal skeleton (D:4)
  2 rats
418 creatures vanquished.

Vanquished Creatures (collateral kills)
  3 death yaks
  2 elephants (Lair:6)
  A merfolk siren (Lair:4)
  A rime drake (Lair:5)
  A meliai (Lair:3)
  A troll (D:9)
  A blink frog (D:9)
  A wyvern (Lair:6)
  A yak (Lair:6)
  An ogre (D:5)
  A wolf (Lair:4)
  A bullfrog (D:9)
  2 killer bees (Lair:3)
  An orc (D:8)
18 creatures vanquished.

Vanquished Creatures (others)
  Sonja (Lair:2)
  59 fungi
  40 plants
100 creatures vanquished.

Grand Total: 536 creatures vanquished

Notes
Turn   | Place    | Note
-------+----------+-------------------------------------------
     0 | D:1      | spiderkeys the Human Necromancer began the quest for the
                  | Orb.
     0 | D:1      | Reached XP level 1. HP: 13/13 MP: 3/3
   414 | D:1      | Reached XP level 2. HP: 14/20 MP: 0/5
  1034 | D:1      | Reached XP level 3. HP: 25/25 MP: 6/6
  1246 | D:1      | Reached skill level 1 in Armour
  1265 | D:1      | Reached skill level 1 in Fighting
  2234 | D:2      | Reached XP level 4. HP: 28/32 MP: 7/7
  3258 | D:3      | Reached XP level 5. HP: 7/37 MP: 8/8
  4838 | D:4      | Reached skill level 1 in Polearms
  5117 | D:4      | Noticed Eustachio
  5536 | D:4      | Reached XP level 6. HP: 39/44 MP: 4/10
  5784 | D:4      | Killed Eustachio
  5785 | D:4      | Reached skill level 2 in Polearms
  5785 | D:4      | Reached XP level 7. HP: 35/51 MP: 6/11
  6081 | D:4      | Reached skill level 5 in Necromancy
  6407 | D:4      | Learned a level 1 spell: Animate Skeleton
  6411 | D:4      | Learned a level 3 spell: Vampiric Draining
  7140 | D:5      | Entered Level 5 of the Dungeon
  7146 | D:4      | Reached skill level 3 in Polearms
  7207 | D:5      | Found Ewnuum's Jewellery Shoppe.
  7454 | D:4      | Reached XP level 8. HP: 46/57 MP: 5/13
  8269 | D:5      | Reached skill level 4 in Polearms
  8886 | D:5      | Found a staircase to the Ecumenical Temple.
  8895 | Temple   | Entered the Ecumenical Temple
  8936 | Temple   | Became a worshipper of Kikubaaqudgha
  9741 | D:6      | Reached skill level 5 in Polearms
  9741 | D:6      | Reached XP level 9. HP: 58/65 MP: 8/14
  9796 | D:6      | Identified the ring "Veonampy" {rF+ rN+ Str+4 Dex+4 Stlth+}
 10969 | D:6      | Reached skill level 5 in Dodging
 11376 | D:7      | Reached skill level 6 in Polearms
 12233 | D:7      | Found a large runed translucent door.
 12234 | D:7      | Found a large runed translucent door.
 12299 | D:8      | Found a broken altar of Ashenzari.
 12385 | D:8      | Reached skill level 5 in Armour
 12692 | D:8      | Noticed Prince Ribbit
 12701 | D:8      | Killed Prince Ribbit
 12702 | D:8      | Reached skill level 5 in Fighting
 12702 | D:8      | Reached XP level 10. HP: 74/74 MP: 2/15
 12798 | D:8      | Found a transporter.
 12800 | D:8      | Found a transporter.
 12800 | D:8      | Noticed lunkers's ghost (novice DgTm)
 12800 | D:8      | Identified the +2 great mace "Joezet" {vorpal, Will+}
 12865 | D:8      | Reached * piety under Kikubaaqudgha
 12865 | D:8      | Identified Kikubaaqudgha's Guide on Stolen Souls
                  | (Kikubaaqudgha gifted it to you on level 8 of the Dungeon)
 12865 | D:8      | Received a gift from Kikubaaqudgha
 12988 | D:8      | Learned a level 2 spell: Sublimation of Blood
 13003 | D:8      | Reached skill level 7 in Polearms
 13442 | D:8      | Noticed Maurice
 13471 | D:8      | Killed Maurice
 13862 | D:9      | Noticed Psyche
 14014 | D:9      | Killed Psyche
 14369 | D:9      | Noticed Erolcha
 14380 | D:9      | Killed Erolcha
 14381 | D:9      | Reached skill level 8 in Polearms
 15292 | D:9      | Noticed a boulder beetle
 15295 | D:9      | Noticed a satyr
 15295 | D:9      | a boulder beetle changed into a satyr
 15414 | D:9      | Killed a satyr
 15415 | D:9      | Reached XP level 11. HP: 75/81 MP: 1/16
 16148 | D:9      | Found a staircase to the Lair.
 16148 | D:9      | Noticed a two-headed ogre
 16158 | D:9      | Killed a two-headed ogre
 16159 | D:9      | Reached skill level 9 in Polearms
 16263 | D:9      | Found a burning altar of Makhleb.
 16595 | D:10     | Entered Level 10 of the Dungeon
 16605 | D:10     | Reached ** piety under Kikubaaqudgha
 17127 | D:10     | Found Rirer's Book Emporium.
 18587 | D:11     | Noticed a green ugly thing
 18615 | D:10     | Killed a green ugly thing
 19186 | D:11     | Noticed a cyclops
 19201 | D:11     | Killed a cyclops
 19748 | D:11     | Identified the +11 dagger "Becufaly" {holy, Will++}
 19810 | D:11     | Noticed a boulder beetle
 19837 | D:11     | Killed a boulder beetle
 19838 | D:11     | Reached skill level 10 in Polearms
 20101 | Lair:1   | Entered Level 1 of the Lair of Beasts
 20103 | Lair:1   | Found a hazy altar of Hepliaklqana.
 20103 | Lair:1   | Noticed an oklob plant
 20226 | D:5      | Bought the amulet "Yhucist" {Reflect Drain rPois Str+3
                  | SH+5} for 544 gold pieces
 20605 | D:9      | Reached XP level 12. HP: 71/89 MP: 3/18
 22549 | Lair:1   | Reached skill level 5 in Spellcasting
 22921 | Lair:2   | Noticed Sonja
 22959 | Lair:2   | Killed Sonja
 23044 | Lair:2   | Reached skill level 10 in Necromancy
 23090 | Lair:2   | Noticed a seven-headed hydra
 23308 | Lair:2   | Killed a seven-headed hydra
 23309 | Lair:2   | Reached skill level 11 in Polearms
 23419 | Lair:2   | Learned a level 5 spell: Agony
 23434 | Lair:2   | You fall into a shaft and drop 2 floors!
 23449 | Lair:3   | Found a runed translucent gate.
 23450 | Lair:3   | Found a runed translucent gate.
 23450 | Lair:3   | Found a runed translucent gate.
 23559 | Lair:3   | Noticed bellsore's ghost (journeyman GrCj)
 23598 | Lair:3   | Noticed a death yak
 23598 | Lair:3   | Noticed a death yak
 23636 | Lair:3   | Killed a death yak
 24227 | Lair:3   | Noticed a death yak
 24231 | Lair:3   | Noticed a death yak
 24246 | Lair:3   | Noticed a death yak
 24249 | Lair:3   | Noticed a death yak
 24258 | Lair:3   | Killed a death yak
 24259 | Lair:3   | Reached XP level 13. HP: 95/95 MP: 4/21
 24414 | Lair:3   | Reached *** piety under Kikubaaqudgha
 24414 | Lair:3   | Identified Kikubaaqudgha's Incunabulum of Evil
                  | (Kikubaaqudgha gifted it to you on level 3 of the Lair of
                  | Beasts)
 24414 | Lair:3   | Received a gift from Kikubaaqudgha
 24582 | Lair:3   | Learned a level 4 spell: Dispel Undead
 24588 | Lair:3   | Learned a level 5 spell: Excruciating Wounds
 24594 | Lair:3   | Learned a level 4 spell: Animate Dead
 24670 | Lair:3   | Noticed Urug
 24694 | Lair:3   | Killed Urug
 25005 | Lair:3   | Reached skill level 12 in Polearms
 25745 | Lair:3   | Killed bellsore's ghost
 26419 | Lair:4   | Noticed an eight-headed hydra
 26435 | Lair:4   | Killed an eight-headed hydra
 27016 | Lair:4   | Found a staircase to the Snake Pit.
 27133 | Lair:4   | Noticed a catoblepas
 27157 | Lair:4   | Killed a catoblepas
 27195 | Lair:4   | Found a staircase to the Shoals.
 27245 | Lair:4   | Reached XP level 14. HP: 94/101 MP: 5/24
 27268 | Lair:4   | Reached **** piety under Kikubaaqudgha
 28090 | Lair:5   | Reached skill level 13 in Polearms
 28271 | Lair:5   | Found a staircase to the Slime Pits.
 28983 | Lair:6   | Entered Level 6 of the Lair of Beasts
 29487 | Lair:5   | Reached skill level 10 in Armour
 29523 | Lair:6   | Reached ***** piety under Kikubaaqudgha
 30627 | Lair:6   | Reached XP level 15. HP: 51/107 MP: 6/27
 30916 | Lair:6   | Reached skill level 14 in Polearms
 33412 | D:12     | Noticed Frances
 33438 | D:12     | Killed from afar by Frances

Illustrated notes

Levels and vault maps discovered:
D:1:      saegor_arrival_simple_d, layout_loops_corners
D:2:      layout_basic
D:3:      layout_loops_ring
D:4:      layout_cave_pods, uniq_eustachio
D:5:      layout_rooms, minmay_temple_entry_stoned_glass, serial_shops,
          nicolae_shop_stone, grunt_ministairs_10
D:6:      layout_basic
D:7:      kennysheep_steamy, layout_rooms, jmf_multi_god_temple2
D:8:      layout_basic, nicolae_overflow_crystal_walls, gammafunk_ghost_smash,
          uniq_maurice, uniq_prince_ribbit1
D:9:      layout_irregular_city, lemuel_round_altar, erik_lair_island,
          enter_bailey_8, uniq_erolcha, uniq_psyche
D:10:     layout_cave_pods, serial_shops, shop
D:11:     minmay_separated_statues, layout_basic, minmay_diamond_spiral
D:12:     layout_rooms, david_orc_2, nicolae_twisting_strands, uniq_fannar,
          uniq_frances, uniq_snorg, uniq_jorgrun
Temple:   compressed_dpeg_circular_temple
Lair:1:   layout_gridlike, lemuel_oklob_altar, lemuel_fruit_tree
Lair:2:   layout_cave_shapes, uniq_sonja
Lair:3:   layout_loops_ring, ebering_ghost_rock_garden,
          minmay_lair_oklob_chamber, infiniplex_staircase_pool_2, uniq_urug
Lair:4:   layout_misc_corridors, elwin_shoals_entry_stream,
          minmay_snake_entry_guardpost_medium, special_room [special_room_bee],
          minivault_19
Lair:5:   layout_cave_pods, nicolae_slime_entry_slimehenge, minmay_holes,
          grunt_megastairs_1, lemuel_fruit_fields, lemuel_fruit_fields
Lair:6:   evilmike_catoblepas_cave, layout_regular_city

Skill      XL: |  1  2  3  4  5  6  7  8  9 10 11 12 13 14 15 |
---------------+----------------------------------------------+-----
Armour         | 1 2 3 4 5 6 7 8 9 10 | 10.6
Fighting       | 1 2 3 5 6 |  6.7
Polearms       | 1 2 3 5 6 8 10 11 12 13 14 | 14.2
Dodging        | 3 4 5 6 7 |  7.0
Spellcasting   | 3 4 5 7 8 |  8.4
Necromancy     | 5 6 7 9 10 12 13 | 13.6
Stealth        | |  2.0

Action                   |  1- 3 |  4- 6 |  7- 9 | 10-12 | 13-15 || total
-------------------------+-------+-------+-------+-------+-------++-------
Melee: Unarmed           |     2 |       |       |       |       ||     2
       Dagger            |    86 |    33 |       |       |       ||   119
       Halberd           |       |    89 |   210 |   582 |    79 ||   960
       Glaive            |       |       |       |       |   863 ||   863
Throw: Dart              |       |       |       |       |     2 ||     2
 Cast: Pain              |    18 |    62 |   152 |    58 |    22 ||   312
       Vampiric Draining |       |       |    25 |   143 |   115 ||   283
       Animate Skeleton  |       |       |     9 |    13 |       ||    22
       Sublimation of Bl |       |       |       |     7 |       ||     7
       Agony             |       |       |       |     3 |     1 ||     4
       Excruciating Woun |       |       |       |       |    39 ||    39
       Animate Dead      |       |       |       |       |    21 ||    21
       Dispel Undead     |       |       |       |       |     5 ||     5
Invok: Receive Corpses   |       |       |       |       |     1 ||     1
Evoke: Wand              |       |     2 |       |    20 |     4 ||    26
       Box of beasts     |       |       |       |       |     1 ||     1
  Use: Scroll            |       |     2 |    10 |     7 |    10 ||    29
       Potion            |       |     1 |     1 |     3 |     1 ||     6
 Stab: Sleeping          |     3 |     2 |     3 |     7 |     5 ||    20
       Distracted        |       |       |     1 |     1 |       ||     2
       Petrified         |       |       |       |     6 |       ||     6
Armor: Robe              |    13 |     2 |       |       |       ||    15
       Ring mail         |       |   121 |       |       |       ||   121
       Leather armour    |       |       |   128 |   243 |       ||   371
       Troll leather arm |       |       |       |   139 |   514 ||   653
Dodge: Dodged            |    67 |   153 |   242 |   711 |   902 ||  2075
Block: Other             |       |       |       |   133 |   276 ||   409
       Reflection        |       |       |       |     3 |     3 ||     6

Table legend: (Time is in decaauts)
 A = Elapsed time spent in this place.
 B = Non-inter-level travel time spent in this place.
 C = Inter-level travel time spent in this place.
 D = Time resting spent in this place.
 E = Time spent auto-exploring this place.
 F = Levels seen in this place.
 G = Mean time per level.
                   A        B        C        D        E       F      G
               +--------+--------+--------+--------+--------+-----+--------+
         Total |  33662 |  32405 |   1257 |   9149 |  17352 |  19 | 1771.7 |
       Dungeon |  23035 |  22153 |    882 |   7234 |  11629 |  12 | 1919.6 |
        Temple |     74 |     52 |     22 |      0 |      1 |   1 |   74.0 |
          Lair |  10551 |  10198 |    353 |   1915 |   5722 |   6 | 1758.5 |
               +--------+--------+--------+--------+--------+-----+--------+

Top non-repeatable levels by time:
     D:9: 3266 daAuts
    D:11: 2859 daAuts
     D:4: 2755 daAuts
  Lair:3: 2598 daAuts
  Lair:6: 2433 daAuts
     D:3: 2350 daAuts
     D:8: 2280 daAuts
    D:10: 2162 daAuts
     D:1: 1750 daAuts
  Lair:1: 1557 daAuts
  Lair:5: 1536 daAuts
     D:2: 1513 daAuts
     D:5: 1453 daAuts
     D:6: 1446 daAuts
  Lair:2: 1224 daAuts
